 Dungeon Crawl Stone Soup version 0.31-a0-836-g3ceb0a68c4 (webtiles) character file.

Game seed: 14551702579235516961

2559 TheScarfBastard the Cleaver (level 9, 0/75 HPs)
             Began as a Yellow Draconian Berserker on Sept 26, 2023.
             Was an Elder of Trog.
             Splashed by a jelly's acid (2 damage)
             ... on level 7 of the Dungeon.
             The game lasted 00:20:16 (5034 turns).

TheScarfBastard the Cleaver (DrBe)                  Turns: 5034, Time: 00:20:17

Health: 0/75       AC:  9    Str: 23    XL:     9   Next: 31%
Magic:  9/9        EV: 15    Int:  7    God:    Trog [****..]
Gold:   95         SH:  0    Dex: 18    Spells: 8/8 levels left

rFire   . . .        j - +0 broad axe (flame)
rCold   . . .        (no shield)
rNeg    . . .        (body armour unavailable)
rPois   .            (helmet restricted)
rElec   .            (no cloak)
rCorr   +            (no gloves)
SInv    +            u - +1 pair of boots
Will    ++...        b - amulet of the acrobat
Stlth   +++          l - +6 ring of dexterity
HPRegen 1.32/turn    k - ring of see invisible
MPRegen 0.11/turn

%: acrobat
@: short of breath, strong-willed, on berserk cooldown, regenerating, slowed,
very slow
A: spit acid, AC +7, unfitting armour, cold-blooded, acid resistance
a: Breathe Acid, Renounce Religion, Berserk, Trog's Hand, Brothers in Arms


You were on level 7 of the Dungeon.
You worshipped Trog.
Trog was greatly pleased with you.
You visited 1 branch of the dungeon, and saw 7 of its levels.

You collected 374 gold pieces.
You spent 279 gold pieces at shops.

Inventory:

Hand Weapons
 a - a +0 hand axe
 j - a +0 broad axe of flaming (weapon)
 o - a +2 war axe of pain
Missiles
 n - 2 throwing nets
Armour
 s - an orb of guile
 u - a +1 pair of boots (worn)
Jewellery
 b - an amulet of the acrobat (around neck)
 k - a ring of see invisible (right hand)
 l - a +6 ring of dexterity (left hand)
 t - an amulet of faith
 x - a ring of protection from cold
 C - a ring of magical power
Talismans
 B - a serpent talisman
Wands
 r - a wand of flame (14)
 y - a wand of mindburst (12)
Scrolls
 d - 5 scrolls of teleportation
 h - 3 scrolls of vulnerability
 m - a scroll of noise
 p - 2 scrolls of blinking
 q - a scroll of fog
 v - a scroll of amnesia
 z - a scroll of enchant armour
 A - a scroll of torment {unknown}
Potions
 c - a potion of degeneration {unknown}
 e - a potion of curing
 f - a potion of lignification {unknown}
 g - a potion of magic {unknown}
 i - a potion of heal wounds {unknown}
 w - a potion of brilliance {unknown}
 D - a potion of resistance {unknown}


   Skills:
 + Level 6.3 Fighting
 + Level 9.6 Axes
 + Level 6.4 Dodging
 + Level 3.4 Stealth


You had 8 spell levels left.
You didn't know any spells.
Your spell library was empty.

Dungeon Overview and Level Annotations

Branches:
Dungeon (7/15)
 Temple: D:4-7

Altars:
Kikubaaqudgha
Wu Jian

Shops:
D:3 (   D:4 [   D:5 !*[   D:6 (


Innate Abilities, Weirdness & Mutations

You can spit globs of acid.
Your golden yellow scales are hard. (AC +7)
You cannot fit into any form of body armour.
You are cold-blooded and may be slowed by cold attacks.
You are resistant to acid. (rCorr)


Message History

* * * LOW HITPOINT WARNING * * *
The steam dragon barely misses you.
You feel better. The steam dragon bites you. The steam dragon misses you.
Press: ? - help, Shift-Dir - straight line, f - steam dragon
Aim: a steam dragon (heavily wounded, 64% to hit)
You spit a glob of acid.
The glob of acid hits the steam dragon!
The steam dragon is almost dead.
You are engulfed in a cloud of scalding steam.
The steam dragon bites you but does no damage.
The steam dragon misses you. The steam dragon breathes steam at you.
The ball of steam hits you!!
* * * LOW HITPOINT WARNING * * *
Unknown command.
Your skin crawls.
You feel strong-willed. The steam dragon bites you.
* * * LOW HITPOINT WARNING * * *
The steam dragon claws you but does no damage.
You feel better. The steam dragon barely misses you.
The steam dragon claws you but does no damage.
An iron imp comes into view.
The jelly hits you but does no damage. The steam dragon closely misses you.
The steam dragon claws you but does no damage.
Blink to where?
Press: ? - help, Dir - move target, p - steam dragon
As you read the scroll of blinking, it crumbles to dust.
You barely miss the steam dragon.
The steam dragon is almost dead.
The steam dragon breathes steam at you. The ball of steam hits you!
* * * LOW HITPOINT WARNING * * *
The steam dragon barely misses you. The steam dragon claws you.
* * * LOW HITPOINT WARNING * * *
The jelly closely misses you.
You barely miss the steam dragon.
You tail-slap the steam dragon, but do no damage.
The steam dragon is almost dead.
You hit the jelly. You burn the jelly.
Your hands burn!
You die...

.....# .. ..#
.....# #.. ##.#..#
. #.. ......
#.##.. #§..#
.###... #§..#
....... #@..#
....... #DJ.#
#...###...####
...##...††.......
#....§.<........
.........†........
......§###...#####
.#5##.. #...# ..
#.. .!.#


You could see a steam dragon (catching breath) and a jelly.

Vanquished Creatures
  The ghost of beavisfan the Ruffian, an amateur VSSh of Gozag (D:4)
  Eustachio (D:4)
  The ghost of PailKail the Ruffian, an amateur TrSh (D:3)
  A sky beast (D:5)
  3 black bears
  An ice beast (D:6)
  3 ogres
  A phantom (D:6)
  5 scorpions
  A gnoll sergeant (D:6)
  4 killer bees (D:7)
  3 quasits (D:3)
  A gnoll bouda (D:5)
  A jelly (D:5)
  3 hounds
  Crazy Yiuf (D:6)
  Jessica (D:2)
  Terence (D:2)
  2 orc wizards (D:5)
  18 gnolls
  11 adders
  3 ufetubi (D:5)
  A worm (D:2)
  5 dart slugs
  13 orcs
  5 endoplasms
  6 giant cockroaches
  19 goblins
  7 hobgoblins (D:4)
  9 jackals
  4 kobolds
  6 quokkas
  10 ball pythons
  5 bats
  A frilled lizard (D:1)
  A goblin zombie (D:7)
  An orc skeleton (D:7)
  5 rats
165 creatures vanquished.

Notes
Turn   | Place    | Note
-------+----------+-------------------------------------------
     0 | D:1      | TheScarfBastard the Draconian Berserker began the quest for
                  | the Orb.
     0 | D:1      | Reached XP level 1. HP: 19/19 MP: 1/1
    49 | D:1      | Reached XP level 2. HP: 22/26 MP: 2/2
   502 | D:1      | Reached ** piety under Trog
   503 | D:1      | Reached XP level 3. HP: 32/33 MP: 3/3
   671 | D:2      | Noticed Jessica
   684 | D:2      | Killed Jessica
   763 | D:2      | Reached XP level 4. HP: 40/40 MP: 4/4
   870 | D:2      | Reached skill level 4 in Axes
  1026 | D:2      | Noticed Terence
  1035 | D:2      | Killed Terence
  1145 | D:3      | Found a faded altar of an unknown god.
  1174 | D:3      | Reached XP level 5. HP: 46/46 MP: 5/5
  1296 | D:3      | Found Hiphitoa's Weapon Shop.
  1317 | D:3      | Bought a +0 broad axe of flaming for 92 gold pieces
  1356 | D:3      | Found a transporter.
  1358 | D:3      | Noticed PailKail's ghost (amateur TrSh)
  1377 | D:3      | Found a transporter.
  1392 | D:3      | Killed PailKail's ghost
  1393 | D:3      | Reached skill level 5 in Axes
  1393 | D:3      | Reached skill level 1 in Stealth
  1393 | D:3      | Reached XP level 6. HP: 53/53 MP: 6/6
  1782 | D:3      | Reached *** piety under Trog
  1924 | D:3      | Identified the +1 chain mail of Absence {Rampage Int-2
                  | Dex+3}
  2014 | D:4      | Your scales start taking on a golden yellow colour.
  2014 | D:4      | Reached XP level 7. HP: 60/60 MP: 7/7
  2014 | D:4      | Gained mutation: You are resistant to acid. (rCorr) [Yellow
                  | Draconian growth]
  2020 | D:4      | Found Muewoz's Antique Armour Emporium.
  2068 | D:4      | Reached skill level 6 in Axes
  2282 | D:4      | Found a runed translucent door.
  2289 | D:4      | Found an ornate altar of the Wu Jian Council.
  2633 | D:4      | Noticed Eustachio
  2655 | D:4      | Killed Eustachio
  2656 | D:4      | Reached skill level 5 in Fighting
  2809 | D:4      | Noticed beavisfan's ghost (amateur VSSh)
  2864 | D:4      | Identified the +1 ring mail of Dramatic Exits {rN+}
  3049 | D:4      | Killed beavisfan's ghost
  3050 | D:4      | Reached skill level 7 in Axes
  3105 | D:5      | Entered Level 5 of the Dungeon
  3105 | D:5      | Found Intonexulat's Distillery.
  3105 | D:5      | Found Pisus's Assorted Antiques.
  3122 | D:5      | Reached XP level 8. HP: 57/68 MP: 8/8
  3212 | D:4      | Bought a pair of runed boots for 187 gold pieces
  3309 | D:5      | Reached **** piety under Trog
  3374 | D:5      | Reached skill level 5 in Dodging
  3531 | D:5      | Reached skill level 8 in Axes
  3821 | D:5      | Found Uptiff's Armour Emporium.
  4296 | D:6      | Reached XP level 9. HP: 74/75 MP: 9/9
  4453 | D:6      | Reached skill level 9 in Axes
  4657 | D:6      | Found Ryrphewab's Weapon Emporium.
  4876 | D:6      | Found a runed translucent door.
  4877 | D:6      | Noticed Crazy Yiuf
  4884 | D:6      | Killed Crazy Yiuf
  4928 | D:6      | Found an ancient bone altar of Kikubaaqudgha.
  5033 | D:7      | HP: 2/75 [steam dragon (5)]
  5034 | D:7      | Splashed by a jelly's acid

Illustrated notes

Levels and vault maps discovered:
D:1:      roderic_chinese_lattice_arrival, layout_rooms
D:2:      layout_rooms, skrybe_limestone_x, kennysheep_generic_room_11,
          uniq_jessica, uniq_terence
D:3:      layout_loops_ring, nicolae_ecumenical_oubliette, serial_shops,
          nicolae_shop_tiny_waterfront, gammafunk_ghost_stat_death
D:4:      cheibrodos_greedy_goblins, layout_basic, kennysheep_mini_moat,
          ebering_ghost_reflecting_pool, serial_shops,
          nicolae_shop_tiny_real_fake_doors, uniq_eustachio
D:5:      minmay_razor_zed, layout_rooms, serial_shops, shop,
          nicolae_shop_tiny_glass, nicolae_shop_rolling_square, st_stairs_10,
          grunt_ministairs_6
D:6:      layout_loops_ring, lemuel_coloured_pillars_altar, serial_shops,
          nicolae_shop_bloodbath_and_beyond, uniq_crazy_yiuf_cottage
D:7:      minmay_spotlight, layout_loops_cross, nicolae_tso_besieged_by_evil,
          minmay_temple_entry_offerings, serial_shops,
          nicolae_shop_tiny_waterfront, nicolae_shop_scrapyard, shop,
          nicolae_shop_statue_plus, gammafunk_ghost_abyssal_escape

Skill      XL: |  1  2  3  4  5  6  7  8  9 |
---------------+----------------------------+-----
Dodging        | 3 4 6 |  6.4
Axes           | 4 5 7 8 9 |  9.6
Fighting       | 4 5 6 |  6.3
Stealth        | 1 2 3 |  3.4

Action                     |  1- 3 |  4- 6 |  7- 9 || total
---------------------------+-------+-------+-------++-------
  Melee: Hand axe          |   110 |    46 |       ||   156
         Tailslap          |    11 |    12 |    33 ||    56
         Punch             |     1 |     1 |     4 ||     6
         Broad axe         |       |    49 |   221 ||   270
 Invoke: Berserk           |     1 |     4 |     4 ||     9
         Trog's Hand       |       |       |     1 ||     1
Ability: Breathe Acid      |       |       |     6 ||     6
    Use: Scroll            |     2 |       |     7 ||     9
         Potion            |       |       |     2 ||     2
   Stab: Sleeping          |       |       |     6 ||     6
 Armour: Skin              |    60 |    71 |   168 ||   299
  Dodge: Dodged            |    94 |   163 |   242 ||   499

Table legend: (Time is in decaauts)
 A = Elapsed time spent in this place.
 B = Non-inter-level travel time spent in this place.
 C = Inter-level travel time spent in this place.
 D = Time resting spent in this place.
 E = Time spent auto-exploring this place.
 F = Levels seen in this place.
 G = Mean time per level.
                   A        B        C        D        E       F      G
               +--------+--------+--------+--------+--------+-----+--------+
         Total |   5190 |   4932 |    258 |      0 |   3229 |   7 |  741.4 |
       Dungeon |   5190 |   4932 |    258 |      0 |   3229 |   7 |  741.4 |
               +--------+--------+--------+--------+--------+-----+--------+

Top non-repeatable levels by time:
     D:4: 1195 daAuts
     D:5: 1008 daAuts
     D:6: 900 daAuts
     D:3: 861 daAuts
     D:2: 639 daAuts
     D:1: 557 daAuts
     D:7: 28 daAuts
